 Dungeon Crawl Stone Soup version 0.32-a0-921-g04a7ad8 (webtiles) character file.

Game seed: 6885240966916191670

1416 Stormy the Basher (level 8, -5/73 HPs)
             Began as a Mountain Dwarf Fighter on Apr 11, 2024.
             Was a Follower of the Shining One.
             Slain by a cyan ugly thing (17 damage)
             ... on level 6 of the Dungeon.
             The game lasted 00:13:45 (4392 turns).

Stormy the Basher (Mountain Dwarf Fighter)          Turns: 4392, Time: 00:13:46

Health: -5/73      AC: 18    Str: 22    XL:     8   Next: 43%
Magic:  5/8        EV:  5    Int:  8    God:    the Shining One [*.....]
Gold:   260        SH: 10    Dex:  9    Spells: 7/7 levels left

rFire   . . .        g - +2 whip (elec)
rCold   . . .        c - +0 buckler
rNeg    . . .        j - +1 plate armour
rPois   .            (no helmet)
rElec   .            t - +0 cloak
rCorr   .            (no gloves)
SInv    .            (no boots)
Will    .....        (no amulet) Stlth
                     s - +4 ring of protection
HPRegen 0.32/turn    (no ring)
MPRegen 0.11/turn

%: no passive effects
@: divinely shielded, glowing
A: runic magic, artefact enchanting
a: Renounce Religion, Divine Shield


You were on level 6 of the Dungeon.
You worshipped the Shining One.
The Shining One was aware of your devotion.
You visited 1 branch of the dungeon, and saw 6 of its levels.

You collected 282 gold pieces.
You spent 22 gold pieces at shops.

Inventory:

Hand Weapons
 g - a +2 whip of electrocution (weapon)
 u - the +8 sling of Righteous Anger {elec, rPois Str-5 Dex+4}
   (You found it on level 4 of the Dungeon)

   Str-5:     It affects your strength (-5).
   Dex+4:     It affects your dexterity (+4).
   rPois:     It protects you from poison.
Missiles
 h - 4 poisoned darts
 k - 2 curare-tipped darts
 o - 3 javelins (quivered)
Armour
 c - a +0 buckler (worn)
 j - a +1 plate armour (worn)
 t - a +0 cloak (worn)
Jewellery
 s - a +4 ring of protection (left hand)
Scrolls
 a - 3 scrolls of amnesia {unknown}
 b - 2 scrolls of identify
 d - a scroll of enchant armour
 p - a scroll of noise {unknown}
 v - 2 scrolls of fog
Potions
 e - a potion of might
 f - a potion of invisibility
 i - a potion of heal wounds
 l - 2 potions of brilliance
 m - a potion of ambrosia
 n - 3 potions of curing
 q - a potion of attraction {unknown}
 r - 2 potions of mutation


   Skills:
 - Level 7.2 Fighting
 + Level 9.7 Maces & Flails
 - Level 5.0 Armour
 - Level 3.2 Shields


You had 7 spell levels left.
You didn't know any spells.
Your spell library contained the following spells:

 Spells                   Type           Power      Damage    Failure   Level
 Freeze                   Ice            0%         1d3       73%         1
 Magic Dart               Conj           0%         1d3       73%         1
 Slow                     Hex            0%         N/A       73%         1
 Blink                    Tloc           0%         N/A       86%         2
 Call Imp                 Summ           0%         N/A       86%         2
 Cause Fear               Hex            0%         N/A       100%        4
 Fireball                 Conj/Fire      0%         3d3       100%        5
 Dragon's Call            Summ           0%         N/A       100%        9


Dungeon Overview and Level Annotations

Branches:
Dungeon (6/15)
 Temple: D:4-7

Altars:
Fedhas
Makhleb
Vehumet
The Shining One

Shops:
D:2 ?   D:6 (


Innate Abilities, Weirdness & Mutations

Your spellcasting is much less encumbered by armour.
You can use scrolls of enchantment on lesser artefacts.


Message History

The cyan ugly thing is lightly wounded.
You hit the cyan ugly thing.
The cyan ugly thing is lightly wounded.
The cyan ugly thing tentacle-slaps you but does no damage.
The white imp grins evilly.
You hit the cyan ugly thing.
The cyan ugly thing is lightly wounded.
The cyan ugly thing tentacle-slaps you. The cyan ugly thing shocks you!
You hit the cyan ugly thing.
The cyan ugly thing is moderately wounded.
You barely miss the cyan ugly thing.
The cyan ugly thing is moderately wounded.
The cyan ugly thing tentacle-slaps you but does no damage.
You hit the cyan ugly thing.
The cyan ugly thing is moderately wounded.
The cyan ugly thing tentacle-slaps you but does no damage.
You hit the cyan ugly thing but do no damage.
The cyan ugly thing is moderately wounded.
You hit the cyan ugly thing but do no damage.
The cyan ugly thing is moderately wounded.
The cyan ugly thing tentacle-slaps you. The cyan ugly thing shocks you!
You whack the cyan ugly thing!
The cyan ugly thing is heavily wounded.
The cyan ugly thing tentacle-slaps you but does no damage.
You hit the cyan ugly thing.
The cyan ugly thing is heavily wounded.
You hit the cyan ugly thing.
The cyan ugly thing is heavily wounded.
The cyan ugly thing barely misses you.
You whack the cyan ugly thing!
The cyan ugly thing is severely wounded.
The cyan ugly thing tentacle-slaps you. The cyan ugly thing shocks you!
* * * LOW HITPOINT WARNING * * *
You hit the cyan ugly thing.
The cyan ugly thing is severely wounded.
Your shield is strengthened by the Shining One's divine power.
The cyan ugly thing tentacle-slaps you!
* * * LOW HITPOINT WARNING * * *
The cyan ugly thing shocks you!
You die...

#.# # #.# #. #.#
###. #.###### #....
#......## .#.#..###
##.#......
........###....##.##
#......##.....# #
.......5u@.....#
........####.###
###.....# #.#
#.##### #.. ... #+##
###


You could see a cyan ugly thing and a white imp.

Vanquished Creatures
  Grinder (D:4)
  Prince Ribbit (D:5)
  An ice beast (D:5)
  An ogre (D:6)
  2 phantoms
  3 bullfrogs
  A scorpion (D:5)
  A howler monkey (D:5)
  A hound (D:4)
  A jelly (D:4)
  4 orc priests
  Crazy Yiuf (D:2)
  2 orc wizards
  5 adders
  A white imp (D:5)
  4 ufetubi (D:5)
  2 dart slugs
  18 orcs
  2 endoplasms
  2 giant cockroaches
  7 goblins
  5 hobgoblins
  4 jackals (D:1)
  12 kobolds
  3 quokkas
  7 ball pythons
  3 bats
  A frilled lizard (D:3)
  A rat (D:2)
97 creatures vanquished.

Notes
Turn   | Place    | Note
-------+----------+-------------------------------------------
     0 | D:1      | Stormy the Mountain Dwarf Fighter began the quest for the
                  | Orb.
     0 | D:1      | Reached XP level 1. HP: 19/19 MP: 1/1
   197 | D:1      | Reached XP level 2. HP: 23/26 MP: 2/2
   234 | D:1      | Reached skill level 3 in Maces & Flails
   421 | D:1      | Found a faded altar of an unknown god.
  1006 | D:2      | Found a runed translucent door.
  1153 | D:2      | Noticed Crazy Yiuf
  1404 | D:2      | Found Kysyteje's Magic Scroll Emporium.
  1407 | D:2      | Bought a scroll of identify for 22 gold pieces
  1620 | D:2      | Reached XP level 3. HP: 33/33 MP: 3/3
  1958 | D:3      | Reached skill level 4 in Maces & Flails
  1958 | D:3      | Reached XP level 4. HP: 41/41 MP: 4/4
  2176 | D:3      | Found a glowing golden altar of the Shining One.
  2195 | D:3      | Became a worshipper of the Shining One
  2200 | D:3      | Found a radiant altar of Vehumet.
  2505 | D:3      | Got Ikesom's Dabbling in the Mind of the Magus
  2686 | D:2      | Killed Crazy Yiuf
  2687 | D:2      | Reached skill level 5 in Fighting
  2687 | D:2      | Reached XP level 5. HP: 46/48 MP: 5/5
  2817 | D:4      | Identified the +8 sling of Righteous Anger {elec, rPois
                  | Str-5 Dex+4}
  2839 | D:4      | Reached skill level 5 in Maces & Flails
  2911 | D:4      | Reached XP level 6. HP: 54/56 MP: 6/6
  3009 | D:4      | Found a burning altar of Makhleb.
  3054 | D:4      | Noticed Grinder
  3072 | D:4      | Paralysed by Grinder for 4 turns
  3082 | D:4      | Paralysed by Grinder for 5 turns
  3096 | D:4      | Killed Grinder
  3097 | D:4      | Reached skill level 6 in Maces & Flails
  3097 | D:4      | Reached XP level 7. HP: 43/63 MP: 7/7
  3281 | D:4      | Reached skill level 5 in Armour
  3459 | D:4      | Found a blossoming altar of Fedhas.
  3485 | D:5      | Entered Level 5 of the Dungeon
  3608 | D:5      | Noticed Prince Ribbit
  3647 | D:5      | Killed Prince Ribbit
  3648 | D:5      | Reached skill level 7 in Maces & Flails
  3894 | D:5      | Reached XP level 8. HP: 73/73 MP: 8/8
  3918 | D:5      | Reached skill level 8 in Maces & Flails
  3936 | D:5      | Reached * piety under the Shining One
  4196 | D:6      | Found Yggam's Antique Weapon Shoppe.
  4233 | D:6      | Reached skill level 9 in Maces & Flails
  4370 | D:6      | Noticed a cyan ugly thing
  4392 | D:6      | Slain by a cyan ugly thing

Illustrated notes

Levels and vault maps discovered:
D:1:      dpeg_arrival_arbitrary_c, layout_basic,
          shapermc_ecumenical_altar_mp_highgroup
D:2:      layout_loops_ring, serial_shops, nicolae_shop_behind_doors,
          uniq_crazy_yiuf_cottage
D:3:      layout_rooms, mainiacjoe_overflow_catch_the_wave,
          minmay_randomly_rotated_circles
D:4:      layout_rooms, kennysheep_little_box, marbit_many_paths, uniq_grinder
D:5:      layout_rooms, moated_statue, uniq_sigmund, uniq_prince_ribbit1
D:6:      layout_loops_corners, minitemple, gammafunk_ghost_cemetery,
          serial_shops, shop, nicolae_shop_real_fake_doors

Skill      XL: |  1  2  3  4  5  6  7  8 |
---------------+-------------------------+-----
Maces & Flails | 3 4 5 6 7 9 |  9.7
Fighting       | 4 5 6 7 |  7.2
Armour         | 4 5 |  5.0
Shields        | |  3.2

Action                     |  1- 3 |  4- 6 |  7- 9 || total
---------------------------+-------+-------+-------++-------
  Melee: Flail             |   113 |       |       ||   113
         Whip              |     7 |   120 |   150 ||   277
 Invoke: Divine Shield     |       |       |     1 ||     1
    Use: Scroll            |    10 |       |     3 ||    13
         Potion            |       |     1 |       ||     1
 Armour: Scale mail        |    94 |    35 |       ||   129
         Plate armour      |       |    44 |    86 ||   130
  Dodge: Dodged            |    44 |    38 |    26 ||   108
  Block: Buckler           |    30 |    19 |    25 ||    74

Table legend: (Time is in decaauts)
 A = Elapsed time spent in this place.
 B = Non-inter-level travel time spent in this place.
 C = Inter-level travel time spent in this place.
 D = Time resting spent in this place.
 E = Time spent auto-exploring this place.
 F = Levels seen in this place.
 G = Mean time per level.
                   A        B        C        D        E       F      G
               +--------+--------+--------+--------+--------+-----+--------+
         Total |   4369 |   4099 |    270 |    616 |   2410 |   6 |  728.2 |
       Dungeon |   4369 |   4099 |    270 |    616 |   2410 |   6 |  728.2 |
               +--------+--------+--------+--------+--------+-----+--------+

Top non-repeatable levels by time:
     D:2: 1249 daAuts
     D:1: 824 daAuts
     D:3: 753 daAuts
     D:4: 668 daAuts
     D:5: 633 daAuts
     D:6: 240 daAuts
